 Dungeon Crawl Stone Soup version 0.32-a0-872-g59262bdc9b (webtiles) character file.

Game seed: 14019200104644953407

52 funkygono the Firebug (level 3, -10/19 HPs)
             Began as a Deep Elf Fire Elementalist on Mar 30, 2024.
             Mangled by Crazy Yiuf
             ... wielding a +4 quarterstaff of chaos
              (15 damage)
             ... on level 2 of the Dungeon.
             The game lasted 00:02:16 (2163 turns).

funkygono the Firebug (Deep Elf Fire Elementalist)  Turns: 2163, Time: 00:02:17

Health: -10/19     AC:  3    Str:  5    XL:     3   Next: 60%
Magic:  6/10       EV: 11    Int: 21    God:
Gold:   69         SH:  0    Dex: 15    Spells: 6/9 levels left

rFire   + . .        c - +0 dagger
rCold   + . .        (no shield)
rNeg    . . .        i - +0 robe {rC+ rF+}
rPois   .            (no helmet)
rElec   .            (no cloak)
rCorr   .            (no gloves)
SInv    .            l - +0 pair of boots
Will    .....        (no amulet)
Stlth   ++           (no ring)
HPRegen 0.23/turn    (no ring)
MPRegen 0.12/turn

%: no passive effects
@: no status effects
A: no striking features
a: no special abilities


You were on level 2 of the Dungeon.
You visited 1 branch of the dungeon, and saw 2 of its levels.

You collected 69 gold pieces.

Inventory:

Hand Weapons
 c - a +0 dagger (weapon)
Missiles
 k - a throwing net
Armour
 i - a +0 robe of resistance (worn)
 l - a +0 pair of boots (worn)
Talismans
 j - a flux talisman
Wands
 n - a wand of acid (11)
Scrolls
 a - 2 scrolls of identify {unknown}
 e - 2 scrolls of vulnerability {unknown}
 g - a scroll of poison {unknown}
 m - a scroll of teleportation {unknown}
 p - a scroll of revelation {unknown}
 q - a scroll of enchant weapon {unknown}
Potions
 b - a potion of magic
 d - a potion of lignification {unknown}
 f - 2 potions of enlightenment {unknown}
 h - 4 potions of curing {unknown}
 o - 2 potions of might {unknown}


   Skills:
 + Level 2.5 Dodging
 + Level 2.7 Stealth
 + Level 3.6 Spellcasting
 + Level 1.5 Conjurations
 + Level 4.4 Fire Magic


You had 6 spell levels left.
You knew the following spells:

 Your Spells              Type           Power      Damage    Failure   Level
a - Foxfire               Conj/Fire      64%        2x1d7     3%          1
b - Scorch                Fire           44%        2d6       3%          2

Your spell library contained the following spells:

 Spells                   Type           Power      Damage    Failure   Level
 Inner Flame              Hex/Fire       13%        N/A       16%         3
 Volatile Blastmotes      Fire/Tloc      26%        2d12      16%         3
 Flame Wave               Conj/Fire      16%        2d7       36%         4


Dungeon Overview and Level Annotations

Branches:
Dungeon (2/15)

Altars:

Shops:
D:2 :

Annotations:
D:2 Crazy Yiuf


Message History

Your foxfire dissipates!
You see here a +0 ring mail.
Found a stone staircase leading down.
There is an open door here.
There is an open door here.
There is an open door here.
You open the door.
There is an open door here.
There is an open door here.
There is an open door here.
Found 5 poisoned darts.
You see here 5 poisoned darts.
Found a hammer.
Found a runed translucent door.
Crazy Yiuf shouts!
You see here 5 poisoned darts.
You see here an adder skeleton.
You see here a +0 ring mail.
There is an open door here.
There is an open door here.
You see here 5 poisoned darts.
Crazy Yiuf shouts!
Crazy Yiuf says, "Crazy?
Crazy!?
PORCUPINE!"
Crazy Yiuf whimpers, "Gnoll shrimp cloud!"
You open the door.
Casting: Foxfire (safe; 3% risk of failure)
Confirm with . or Enter, or press ? or * to list all spells.
Flames lash Crazy Yiuf.
Crazy Yiuf is heavily wounded.
Crazy Yiuf's fire resistance burns away.
Crazy Yiuf hits you with a +4 quarterstaff of chaos!
Ouch! That really hurt!
Crazy Yiuf freezes you.
* * * LOW HITPOINT WARNING * * *
Casting: Scorch (safe; 3% risk of failure)
Confirm with . or Enter, or press ? or * to list all spells.
Flames lash Crazy Yiuf.
Crazy Yiuf is burned terribly!
Crazy Yiuf is almost dead.
Crazy Yiuf hits you with a +4 quarterstaff of chaos!
Ouch! That really hurt!
You die...

#.# #...<..# #.#
####...#.## #.#
#.......#.# #.#
########### ###
###♣♣♣♣♣ ##.#..♣.♣♣♣
### ##......♣..♣#...#
########
######......♣♣♣♣@g...#
#....... ..#..(...#.♣♣
♣♣#..)# #.######
#.#.######♣♣ ### ###.#
#.#.# ### #.#.# #.#.#
#.# #...# #.#.# #.#
### ##########.#
#.#.###.###.# #.....#
#.# ..#.........#
##...## #.######
###.........# ##.##
#.......


You could see Crazy Yiuf (combustible).

Vanquished Creatures
  2 adders (D:2)
  3 dart slugs
  4 ball pythons (D:1)
  An endoplasm (D:1)
  3 goblins (D:1)
  4 hobgoblins
  A quokka (D:1)
  4 bats (D:1)
  3 frilled lizards
  2 kobolds (D:2)
  A rat (D:1)
28 creatures vanquished.

Vanquished Creatures (collateral kills)
  3 foxfires (D:1)
3 creatures vanquished.

Vanquished Creatures (others)
  72 foxfires
72 creatures vanquished.

Grand Total: 103 creatures vanquished

Notes
Turn   | Place    | Note
-------+----------+-------------------------------------------
     0 | D:1      | funkygono the Deep Elf Fire Elementalist began the quest
                  | for the Orb.
     0 | D:1      | Reached XP level 1. HP: 10/10 MP: 6/6
   208 | D:1      | Reached XP level 2. HP: 15/15 MP: 6/8
   211 | D:1      | Learned a level 2 spell: Scorch
   471 | D:1      | Found a faded altar of an unknown god.
   609 | D:1      | Reached skill level 4 in Fire Magic
  1364 | D:2      | Reached XP level 3. HP: 19/19 MP: 6/9
  1652 | D:2      | Found Coraxt's Book Shoppe.
  2037 | D:2      | Found a runed translucent door.
  2038 | D:2      | Noticed Crazy Yiuf
  2163 | D:2      | Mangled by Crazy Yiuf

Illustrated notes

Levels and vault maps discovered:
D:1:      roderic_crop_circles_arrival_small, layout_loops_corners,
          dreamdust_ecumenical_altar_grove, st_stairs_14
D:2:      layout_loops_corners, serial_shops, nicolae_shop_statue_plus,
          uniq_crazy_yiuf_cottage

Skill      XL: |  1  2 |
---------------+-------+-----
Fire Magic     | 4 |  4.4
Dodging        | |  2.5
Stealth        | |  2.7
Spellcasting   | |  3.6
Conjurations   | |  1.5

Action                     || total
---------------------------++-------
   Cast: Foxfire           ||    43
         Scorch            ||     7
 Armour: Robe              ||     2
  Dodge: Dodged            ||     1

Table legend: (Time is in decaauts)
 A = Elapsed time spent in this place.
 B = Non-inter-level travel time spent in this place.
 C = Inter-level travel time spent in this place.
 D = Time resting spent in this place.
 E = Time spent auto-exploring this place.
 F = Levels seen in this place.
 G = Mean time per level.
                   A        B        C        D        E       F      G
               +--------+--------+--------+--------+--------+-----+--------+
         Total |   2162 |   2126 |     36 |      0 |   1916 |   2 | 1081.0 |
       Dungeon |   2162 |   2126 |     36 |      0 |   1916 |   2 | 1081.0 |
               +--------+--------+--------+--------+--------+-----+--------+

Top non-repeatable levels by time:
     D:1: 1202 daAuts
     D:2: 959 daAuts
